 Dungeon Crawl Stone Soup version 0.20.0-15-g7f486f2 (webtiles) character file.

247 robba the Magician (level 6, -1/43 HPs)
             Began as a Human Wizard on July 1, 2017.
             Was an Initiate of Qazlal.
             Slain by a phantom (7 damage)
             ... on level 4 of the Dungeon.
             The game lasted 00:30:55 (3286 turns).

robba the Magician (Human Wizard)                   Turns: 3286, Time: 00:30:56

Health: -1/43      AC:  5    Str:  8    XL:     6   Next: 34%
Magic:  1/12       EV: 10    Int: 20    God:    Qazlal [......]
Gold:   181        SH:  0    Dex: 11    Spells: 11/14 levels left

rFire    . . .     SeeInvis .   k - +4 dagger (flame)
rCold    . . .     Gourm    .   (no shield)
rNeg     . . .     Faith    .   D - +0 ring mail
rPois    .         Spirit   .   b - +0 hat
rElec    .         Reflect  .   (no cloak)
rCorr    .         Harm     .   (no gloves)
MR       .....                  (no boots)
Stlth    ..........             (no amulet)
Regen    0.2/turn               w - ring of loudness (curse)
MPRegen  0.2/turn               r - ring of wizardry

@: no status effects
A: no striking features
a: Renounce Religion


You were on level 4 of the Dungeon.
You worshipped Qazlal.
Qazlal was noncommittal.
You were hungry.

You visited 1 branch of the dungeon, and saw 4 of its levels.

You collected 181 gold pieces.

Inventory:

Hand Weapons
 e - a +3 falchion
 k - a +4 dagger of flaming (weapon)
 x - a +2 dagger of venom
Missiles
 j - 66 stones
 l - 5 tomahawks (quivered)
Armour
 a - a +0 robe
 b - a +0 hat (worn)
 u - a +0 leather armour
 y - a +0 helmet of see invisible
 D - a +0 ring mail (worn)
Jewellery
 q - an uncursed ring of protection from cold
 r - a ring of wizardry (right hand)
 s - an uncursed ring of protection from magic
 t - a +4 ring of intelligence
 w - a cursed ring of loudness (left hand)
 C - a +3 ring of intelligence
Scrolls
 i - a scroll of magic mapping
 p - a scroll of teleportation
 v - a scroll of identify
 z - a scroll of remove curse {unknown}
 A - a scroll of enchant weapon {unknown}
Potions
 f - a potion of lignification
 g - 3 potions of curing
 m - a potion of heal wounds {unknown}
 o - a potion of brilliance {unknown}
 B - a potion of might {unknown}
Books
 c - a book of Minor Magic

   Spells                             Type                      Level
   a - Magic Dart                     Conjuration                  1
   b - Blink                          Translocation                2
   c - Call Imp                       Summoning                    2
   d - Slow                           Hexes                        2
   e - Conjure Flame                  Conjuration/Fire             3
   f - Mephitic Cloud                 Conjuration/Poison/Air       3
Comestibles
 d - 3 bread rations
 h - 4 chunks of flesh
 n - 4 fruits
 E - a royal jelly


   Skills:
 + Level 1.0 Fighting
 + Level 1.0 Short Blades
   Level 0.4 Axes
 + Level 0.2 Throwing
 + Level 0.6 Armour
 + Level 2.8 Dodging
 + Level 2.3 Stealth
 + Level 0.2 Unarmed Combat
 + Level 4.5 Spellcasting
 + Level 2.3 Conjurations
 + Level 2.0 Summonings
   Level 1.0 Translocations


You had 11 spell levels left.
You knew the following spells:

 Your Spells              Type           Power        Failure   Level  Hunger
a - Magic Dart            Conj           ##..         6%          1    None
b - Call Imp              Summ           ##......     11%         2    #......


Dungeon Overview and Level Annotations

Branches:
Dungeon (4/15)
 Temple: D:4-7

Altars:
Qazlal
Vehumet

Annotations:
D:4 Crazy Yiuf


Message History

Confirm with . or Enter, or press ? or * to list all spells.
Aiming: Magic Dart
Press: ? - help, Shift-Dir - straight line, f/p - phantom
Aim: a phantom The magic dart hits the phantom.
The phantom is lightly damaged.
The phantom misses your crimson imp.
Your crimson imp hits the phantom but does no damage.
Your crimson imp barely misses the phantom.
Your crimson imp blinks!
Your crimson imp completely misses the phantom.
The phantom blinks!
Your crimson imp disappears in a puff of smoke!
Some of the chunks of flesh in your inventory have rotted away.
Your crimson imp hits the phantom.
You barely miss the phantom.
You punch the phantom, but do no damage.
The phantom is lightly damaged.
The phantom hits you!
You die...

... .. #.##.#
##.##.# #.....#
#.....# #.....#
#...§.# #..§..#
#@W5§.+
#######'######
....S....W...#
.............#
.............+
.........§...#
.............#
#+####.........
#.........


You could see a phantom and a friendly crimson imp.

Vanquished Creatures
  2 orc priests (D:3)
  Robin (D:3)
  2 adders
  An ooze (D:3)
  A worm (D:3)
  A dart slug (D:3)
  3 leopard geckos
  6 orcs (D:3)
  3 bats
  5 giant cockroaches
  9 goblins
  9 hobgoblins
  5 kobolds
  2 quokkas
  A ball python (D:1)
  4 frilled lizards
  9 rats
64 creatures vanquished.

Vanquished Creatures (collateral kills)
  Natasha (thrice) (D:3)
  An iguana (D:4)
  An ooze (D:3)
  10 orcs
  7 goblins (D:3)
  3 hobgoblins (D:3)
  A quokka (D:3)
  2 kobolds (D:3)
28 creatures vanquished.

Grand Total: 92 creatures vanquished

Notes
Turn   | Place    | Note
-------+----------+-------------------------------------------
     0 | D:1      | robba the Human Wizard began the quest for the Orb.
     0 | D:1      | Reached XP level 1. HP: 13/13 MP: 4/4
   179 | D:1      | Reached XP level 2. HP: 10/19 MP: 4/6
   458 | D:1      | Reached XP level 3. HP: 19/24 MP: 2/8
  1951 | D:3      | Reached XP level 4. HP: 30/30 MP: 0/9
  2022 | D:3      | Reached skill level 4 in Spellcasting
  2029 | D:3      | Learned a level 2 spell: Call Imp
  2125 | D:3      | Noticed Natasha
  2144 | D:3      | Killed Natasha
  2144 | D:3      | Reached XP level 5. HP: 22/36 MP: 0/11
  2419 | D:3      | Noticed Natasha
  2432 | D:3      | Killed Natasha
  2509 | D:3      | Noticed Robin
  2549 | D:3      | Killed Robin
  2709 | D:3      | Reached skill level 1 in Short Blades
  2709 | D:3      | Reached XP level 6. HP: 25/42 MP: 12/12
  2843 | D:3      | Noticed Natasha
  2855 | D:3      | Killed Natasha
  2937 | D:3      | Found a stormy altar of Qazlal.
  2937 | D:3      | Noticed a water elemental
  2944 | D:3      | Noticed an air elemental
  2944 | D:3      | Noticed a fire elemental
  2950 | D:3      | Became a worshipper of Qazlal Stormbringer
  3158 | D:4      | Found a radiant altar of Vehumet.
  3199 | D:4      | Found a runed door.
  3203 | D:4      | Noticed Crazy Yiuf
  3245 | D:4      | Noticed a phantom
  3261 | D:4      | Reached skill level 1 in Fighting
  3286 | D:4      | Slain by a phantom

Skill      XL: |  1  2  3  4  5  6 |
---------------+-------------------+-----
Spellcasting   | 4 |  4.5
Conjurations   | 2 |  2.3
Short Blades   | 1 |  1.0
Fighting       | 1 |  1.0
Summonings     | 2 |  2.0
Axes           | |  0.4
Throwing       | |  0.2
Armour         | |  0.6
Dodging        | |  2.8
Stealth        | |  2.3
Unarmed Combat | |  0.2
Translocations | |  1.0

Action                   |  1- 3 |  4- 6 || total
-------------------------+-------+-------++-------
Melee: Unarmed           |     8 |       ||     8
       Hand axe          |     7 |       ||     7
       Dagger            |    20 |    44 ||    64
       Punch             |       |     1 ||     1
Throw: Tomahawk          |       |     3 ||     3
 Cast: Magic Dart        |    89 |    67 ||   156
       Call Imp          |       |    27 ||    27
  Use: Scroll            |     5 |     2 ||     7
       Potion            |     2 |     2 ||     4
 Stab: Distracted        |       |     1 ||     1
  Eat: Chunk             |     2 |     5 ||     7
Armor: Robe              |     8 |     1 ||     9
       Leather armour    |       |     9 ||     9
       Ring mail         |       |     3 ||     3
Dodge: Dodged            |    18 |    40 ||    58
